 Dungeon Crawl Stone Soup version 0.26.1-12-g5ba1501909 (webtiles) character file.

Game seed: 13936506780676053815

353 a11behringer the Ruffian (level 6, -1/48 HPs)
             Began as a Draconian Transmuter on Dec 1, 2021.
             Slain by a gnoll (4 damage)
             ... on level 4 of the Dungeon.
             The game lasted 00:13:43 (3615 turns).

a11behringer the Ruffian (Draconian Transmuter)     Turns: 3615, Time: 00:13:44

Health: -1/48      AC: 10    Str: 19    XL:     6   Next: 35%
Magic:  9/10       EV: 13    Int: 15    God:
Gold:   159        SH:  0    Dex: 11    Spells: 9/10 levels left

rFire    . . .     SeeInvis .     - Unarmed
rCold    . . .     Faith    .   (no shield)
rNeg     . . .     Spirit   .   (armour unavailable)
rPois    .         Reflect  .   (helmet currently unavailable)
rElec    .         Harm     .   n - +0 cloak (curse)
rCorr    .         Rampage  .   m - +2 pair of gloves
Will     .....                  (boots currently unavailable)
Stlth    ++........             (no amulet)
HPRegen  0.16/turn              h - +6 ring of strength
MPRegen  0.12/turn              (no ring)

@: about to teleport, appendages
A: unfitting armour, horns 2, talons 2, cold-blooded, AC +6
a: End Transformation


You were on level 4 of the Dungeon.
You had grown temporary horns.
You had grown temporary talons.
You visited 1 branch of the dungeon, and saw 4 of its levels.

You collected 159 gold pieces.

Inventory:

Armour
 m - a +2 pair of gloves (worn)
 n - a cursed +0 cloak (worn)
Magical Staves
 j - an uncursed staff of cold
Jewellery
 h - a +6 ring of strength (left hand)
 r - an uncursed ring of wizardry {unknown}
Scrolls
 a - 3 scrolls of teleportation
 f - 3 scrolls of identify
 p - a scroll of remove curse
Potions
 b - 2 potions of flight
 c - 3 potions of lignification
 d - 3 potions of curing
 e - 2 potions of haste {unknown}
 g - a potion of might {unknown}
 i - a potion of degeneration {unknown}
 k - a potion of attraction {unknown}
 l - a potion of heal wounds {unknown}
 o - 3 potions of magic
 q - a potion of ambrosia {unknown}


   Skills:
 + Level 1.8 Fighting
 + Level 3.0 Dodging
 + Level 1.2 Stealth
 + Level 4.9 Unarmed Combat
 - Level 2.8 Spellcasting
 * Level 3.6 Transmutations


You had 9 spell levels left.
You knew the following spells:

 Your Spells              Type           Power        Failure   Level
a - Beastly Appendage     Tmut           26%          4%          1

Your spell library contained the following spells:

 Spells                   Type           Power        Failure   Level
 Wereblood                Tmut           13%          7%          2
 Spider Form              Tmut/Pois      3%           28%         3
 Ice Form                 Ice/Tmut       7%           67%         4
 Blade Hands              Tmut           6%           77%         5


Dungeon Overview and Level Annotations

Branches:
Dungeon (4/15)
 Temple: D:4-7

Altars:
Dithmenos
Qazlal

Shops:
D:4 :

Annotations:
D:2 1 runed translucent door, Crazy Yiuf


Innate Abilities, Weirdness & Mutations

Your plain brown scales are hard. (AC +6)
You cannot fit into any form of body armour.
You are cold-blooded and may be slowed by cold attacks.
You have a pair of horns on your head.
You have razor-sharp toenails.


Message History

The puff of flame hits you.
The gnoll hits you from afar with a +0 halberd.
The ooze hits you. The gnoll hits you.
Casting: Beastly Appendage (safe; 4% risk of failure)
Confirm with . or Enter, or press ? or * to list all spells.
You grow a pair of large bovine horns.
Your feet morph into talons.
The orc wizard hits you but does no damage.
The gnoll hits you with a +0 flail. The gnoll hits you.
The ooze barely misses you. The gnoll barely misses you.
You barely miss the orc wizard. You tail-slap the orc wizard.
You kill the orc wizard!
The ooze closely misses you. The gnoll hits you.
The gnoll hits you but does no damage.
Your Dodging skill increases to level 3!
You hit the ooze.
The ooze is heavily wounded.
The gnoll hits you from afar with a +0 halberd!
* * * LOW HITPOINT WARNING * * *
The gnoll hits you.
You die...

############
........J@.#
........g)g#
........g..#
...........#
>..........#
..##.##...####
#### . #.
#...##.##....
.
#............
..
#............


You could see 3 gnolls and an ooze.

Vanquished Creatures
  A scorpion (D:4)
  A hound (D:4)
  An orc priest (D:3)
  A bullfrog skeleton (D:4)
  An orc wizard (D:4)
  A worker ant (D:4)
  Robin (D:2)
  5 adders
  3 oozes
  3 worms
  A dart slug (D:2)
  5 leopard geckos
  10 orcs
  A ball python (D:3)
  3 giant cockroaches
  18 goblins
  9 hobgoblins
  A quokka (D:2)
  3 bats
  4 frilled lizards
  4 kobolds
  4 rats
81 creatures vanquished.

Notes
Turn   | Place    | Note
-------+----------+-------------------------------------------
     0 | D:1      | a11behringer the Draconian Transmuter began the quest for
                  | the Orb.
     0 | D:1      | Reached XP level 1. HP: 16/16 MP: 3/3
    48 | D:1      | Reached XP level 2. HP: 20/23 MP: 5/5
   712 | D:2      | Reached XP level 3. HP: 28/28 MP: 4/6
  1056 | D:2      | Found a shadowy altar of Dithmenos.
  1057 | D:2      | Found a stormy altar of Qazlal.
  1106 | D:2      | Noticed Robin
  1139 | D:2      | Reached XP level 4. HP: 26/35 MP: 5/7
  1154 | D:2      | Killed Robin
  1867 | D:2      | Found a runed translucent door.
  1868 | D:2      | Noticed Crazy Yiuf
  2347 | D:3      | Reached skill level 4 in Unarmed Combat
  2347 | D:3      | Reached XP level 5. HP: 41/41 MP: 7/9
  2620 | D:3      | Found a faded altar of an unknown god.
  2914 | D:3      | Reached skill level 1 in Stealth
  3254 | D:4      | HP: 2/41 [hound (5)]
  3258 | D:4      | Reached XP level 6. HP: 2/48 MP: 8/10
  3537 | D:4      | Found Teobbots's Book Shop.
  3615 | D:4      | Slain by a gnoll

Illustrated notes

Levels and vault maps discovered:
D:1:      erik_arrival_triangle_medium, layout_rooms, corexii_leaking_fountain,
          amcnicky_mini_corridor_feature, chequers_serial_rivers_small_3,
          minmay_cupped
D:2:      layout_basic, nicolae_overflow_hidden_temple, uniq_crazy_yiuf_cottage,
          uniq_robin
D:3:      layout_basic, chequers_ecumenical_altar_twisty
D:4:      layout_gridville, serial_shops, shop_fountains,
          mrwooster_statue_mirror

Skill      XL: |  1  2  3  4  5  6 |
---------------+-------------------+-----
Dodging        | 2 3 |  3.0
Unarmed Combat | 4 |  4.9
Transmutations | 3 |  3.6
Stealth        | 1 |  1.2
Fighting       | |  1.8
Spellcasting   | |  2.8

Action                   |  1- 3 |  4- 6 || total
-------------------------+-------+-------++-------
Melee: Unarmed           |    78 |   135 ||   213
       Headbutt          |    10 |    17 ||    27
       Kick              |    13 |    27 ||    40
       Tailslap          |     9 |    14 ||    23
       Punch             |       |     2 ||     2
 Cast: Beastly Appendage |    19 |    24 ||    43
  Use: Scroll            |       |    11 ||    11
       Potion            |       |     1 ||     1
 Stab: Sleeping          |       |     1 ||     1
Armor: Skin              |    43 |    61 ||   104
Dodge: Dodged            |    81 |    93 ||   174
